 Dungeon Crawl Stone Soup version 0.30.1-11-g7821555f0a (webtiles) character file.

Game seed: 12499541916320832130

1101 BigBadBruin the Carver (level 8, 0/60 HPs)
             Began as a Gnoll Wanderer on Oct 21, 2023.
             Slain by Duvessa
             ... wielding a +0 short sword
              (6 damage)
             ... on level 7 of the Dungeon on Nov 3, 2023.
             The game lasted 00:20:24 (3695 turns).

BigBadBruin the Carver (Gnoll Wanderer)             Turns: 3695, Time: 00:20:25

Health: 0/60       AC: 14    Str: 17    XL:     8   Next: 32%
Magic:  14/14      EV: 11    Int: 12    God:
Gold:   68         SH:  0    Dex: 11    Spells: 14/15 levels left

rFire   . . .        a - +2 falchion
rCold   . . .        n - orb {light}
rNeg    . . .        j - +4 scale mail
rPois   +            (no helmet)
rElec   .            (no cloak)
rCorr   .            p - +2 pair of gloves {Str+3}
SInv    .            (no boots)
Will    .....        (no amulet)
Stlth   +            i - ring of poison resistance
HPRegen 0.30/turn    (no ring)
MPRegen 0.14/turn

%: no passive effects
@: about to teleport, weakened, flying, glowing
A: fangs 1, strong nose, distributed training
a: no special abilities


You were on level 7 of the Dungeon.
You visited 1 branch of the dungeon, and saw 7 of its levels.

You collected 184 gold pieces.
You spent 116 gold pieces at shops.

Inventory:

Hand Weapons
 a - a +2 falchion (weapon)
Missiles
 o - 55 stones (quivered)
Armour
 j - a +4 scale mail (worn)
 n - an orb of light (worn)
 p - a +2 pair of gloves of strength (worn)
Jewellery
 i - a ring of poison resistance (left hand)
Wands
 m - a wand of roots (28)
Scrolls
 b - a scroll of enchant armour {unknown}
 c - 2 scrolls of fear
 d - a scroll of fog
 e - a scroll of noise
 f - a scroll of teleportation
 g - 2 scrolls of identify
 l - a scroll of magic mapping
 r - a scroll of enchant weapon {unknown}
 t - a scroll of blinking {unknown}
Potions
 h - a potion of curing
 k - a potion of magic
 q - a potion of flight
 s - a potion of mutation {unknown}
 u - a potion of heal wounds


   Skills:
 + Level 4.2 Fighting
 + Level 3.3 Short Blades
 + Level 9.2 Long Blades
 + Level 3.3 Axes
 + Level 3.3 Maces & Flails
 + Level 3.3 Polearms
 + Level 3.3 Staves
 + Level 3.3 Ranged Weapons
 + Level 3.3 Throwing
 + Level 5.7 Armour
 + Level 4.2 Dodging
 + Level 3.3 Stealth
 + Level 3.3 Shields
 + Level 3.3 Unarmed Combat
 + Level 4.4 Spellcasting
 + Level 2.6 Conjurations
 + Level 2.6 Hexes
 + Level 2.6 Summonings
 + Level 2.6 Necromancy
 + Level 3.5 Translocations
 + Level 2.6 Transmutations
 + Level 2.6 Fire Magic
 + Level 2.6 Ice Magic
 + Level 2.6 Air Magic
 + Level 2.6 Earth Magic
 + Level 2.6 Poison Magic
 + Level 3.6 Invocations
 + Level 3.3 Evocations


You had 14 spell levels left.
You knew the following spells:

 Your Spells              Type           Power      Damage    Failure   Level
a - Apportation           Tloc           22%        N/A       16%         1

Your spell library contained the following spells:

 Spells                   Type           Power      Damage    Failure   Level
 Kiss of Death            Conj/Necr      36%        2d8       22%         1
 Poisonous Vapours        Pois/Air       18%        N/A       32%         2
 Vhi's Electric Charge    Tloc/Air       20%        N/A       50%         3
 Confusing Touch          Hex            9%         N/A       54%         3
 Mephitic Cloud           Conj/Pois/Air  9%         N/A       54%         3
 Ozocubu's Armour         Ice            9%         N/A       54%         3
 Dispel Undead            Necr           9%         3d8       91%         4
 Freezing Cloud           Conj/Ice/Air   4%         6-21      99%         5
 Ozocubu's Refrigeration  Ice            4%         4d8       100%        7


Dungeon Overview and Level Annotations

Branches:
Dungeon (7/15)             Temple (0/1) D:6

Altars:
Makhleb
Uskayaw

Shops:
D:3 *   D:4 *   D:6 (

Annotations:
D:7 Dowan, Duvessa


Innate Abilities, Weirdness & Mutations

You have very sharp teeth.
Your uncanny sense of smell can sniff out nearby items.
Your experience applies equally to all skills.


Message History

You hit Duvessa but do no damage. The gnoll closely misses you.
The gnoll hits you from afar with a +0 spear.
You hit Duvessa.
Duvessa is lightly wounded.
The gnoll bouda barks out a call to the hunt!
The gnoll picks up the pace!
The gnoll closely misses you.
The gnoll hits you from afar with a +0 spear.
You hit Duvessa.
Duvessa is moderately wounded.
The gnoll hits you with a +0 club.
The gnoll bouda gazes fiercely through you!
You feel your attacks grow feeble.
The gnoll hits you from afar with a +0 spear.
The gnoll bouda barks out a call to the hunt!
The gnolls pick up the pace!
The gnoll closely misses you.
You hit the gnoll.
The gnoll is heavily wounded.
The gnoll is no longer moving quickly.
Duvessa hits you with a +0 short sword!
* * * LOW HITPOINT WARNING * * *
The gnoll closely misses you. The gnoll barely misses you.
As you read the scroll of teleportation, it crumbles to dust.
You feel strangely unstable.
The gnoll is no longer moving quickly.
The gnoll hits you from afar with a +0 spear.
* * * LOW HITPOINT WARNING * * *
The gnoll closely misses you. The gnoll hits you but does no damage.
The gnoll barely misses you. Duvessa hits you with a +0 short sword!
* * * LOW HITPOINT WARNING * * *
The gnoll bouda barks out a call to the hunt!
The gnolls pick up the pace!
The gnoll hits you with a +0 club.
* * * LOW HITPOINT WARNING * * *
Unknown command.
Okay, then.
You feel very buoyant.
You fly up into the air.
The gnoll misses you. The gnoll hits you but does no damage.
The gnoll closely misses you. The gnoll bouda closely misses you.
Duvessa hits you with a +0 short sword.
You die...

#≈≈≈≈≈≈≈≈≈≈~~~≈≈≈≈~~# #
#≈≈≈≈≈≈~≈~....~≈~..##[#
#≈≈≈≈~~~.......)...#.§.
#≈≈≈≈~............P##
#≈~~......g.......PP#
#~≈...Og####......P♣♣
#≈≈~.ggg# #......♣.♣
#≈≈~...g# #.......♣♣
#≈≈~..g@# #.....P♣P♣
#≈≈~..geg.......O.P♣#
#≈≈~...geg......#P.#
#≈~..........P..##P.
#≈~.≈.##'#...... #.
#≈≈~~. .#..##++ .#
#≈≈~.. .# .# #≈≈~.. ##
.#


You could see Duvessa, an ogre, Dowan, 2 gnoll boudas and 8 gnolls.

Vanquished Creatures
  An orc warrior (D:6)
  An ogre (D:4)
  A kobold brigand (D:6)
  A phantom (D:4)
  A howler monkey (D:6)
  A crimson imp (D:4)
  4 hounds
  3 orc priests
  2 gnoll boudas
  An iguana (D:4)
  Natasha (D:2)
  7 orc wizards
  5 adders
  7 gnolls
  A white imp (D:4)
  A worm (D:3)
  13 orcs
  3 ball pythons
  10 endoplasms
  2 giant cockroaches
  2 goblins (D:3)
  3 hobgoblins
  6 jackals (D:3)
  5 quokkas
  5 bats
  2 frilled lizards
  15 kobolds
  4 rats
108 creatures vanquished.

Notes
Turn   | Place    | Note
-------+----------+-------------------------------------------
     0 | D:1      | BigBadBruin the Gnoll Wanderer began the quest for the Orb.
     0 | D:1      | BigBadBruin set off with the following items: a +2
                  | falchion, a +0 scale mail, a scroll of fear; and the
                  | following spell memorised: Apportation; and the following
                  | spells available to memorise: Vhi's Electric Charge.
     0 | D:1      | Reached XP level 1. HP: 17/17 MP: 4/4
   142 | D:1      | Reached XP level 2. HP: 23/23 MP: 5/5
   368 | D:1      | Found a faded altar of an unknown god.
   642 | D:1      | Reached XP level 3. HP: 25/28 MP: 7/7
   717 | D:2      | Noticed Natasha
   724 | D:2      | Killed Natasha
   725 | D:2      | Reached skill level 1 in Short Blades
   725 | D:2      | Reached skill level 1 in Axes
   725 | D:2      | Reached skill level 1 in Maces & Flails
   725 | D:2      | Reached skill level 1 in Polearms
   725 | D:2      | Reached skill level 1 in Staves
   725 | D:2      | Reached skill level 1 in Ranged Weapons
   725 | D:2      | Reached skill level 1 in Throwing
   725 | D:2      | Reached skill level 1 in Stealth
   725 | D:2      | Reached skill level 1 in Shields
   725 | D:2      | Reached skill level 1 in Unarmed Combat
   725 | D:2      | Reached skill level 1 in Invocations
   725 | D:2      | Reached skill level 1 in Evocations
   726 | D:2      | You fall into a shaft and drop 1 floor!
   772 | D:3      | Reached XP level 4. HP: 34/34 MP: 8/8
  1055 | D:3      | Found Kuori's Assorted Antiques.
  1088 | D:3      | Bought a scroll of identify for 56 gold pieces
  1097 | D:3      | Reached skill level 1 in Conjurations
  1097 | D:3      | Reached skill level 1 in Hexes
  1097 | D:3      | Reached skill level 1 in Summonings
  1097 | D:3      | Reached skill level 1 in Necromancy
  1097 | D:3      | Reached skill level 1 in Transmutations
  1097 | D:3      | Reached skill level 1 in Fire Magic
  1097 | D:3      | Reached skill level 1 in Ice Magic
  1097 | D:3      | Reached skill level 1 in Air Magic
  1097 | D:3      | Reached skill level 1 in Earth Magic
  1097 | D:3      | Reached skill level 1 in Poison Magic
  1357 | D:4      | Reached XP level 5. HP: 23/40 MP: 9/9
  1442 | D:4      | Upgraded the game from 0.30.1-9-gdf580d7c3d to
                  | 0.30.1-11-g7821555f0a
  1485 | D:4      | Noticed an ogre
  1507 | D:4      | Reached XP level 6. HP: 18/47 MP: 9/11
  1510 | D:4      | Reached skill level 5 in Armour
  1737 | D:4      | Identified the +1 quarterstaff of Conoywk {elec, Dex+3}
  1909 | D:4      | Reached XP level 7. HP: 52/52 MP: 12/12
  2374 | D:4      | Found Diofesch's General Store.
  2377 | D:4      | Bought a potion of curing for 36 gold pieces
  2377 | D:4      | Bought a scroll of identify for 24 gold pieces
  2546 | D:5      | Entered Level 5 of the Dungeon
  2576 | D:5      | Reached skill level 9 in Long Blades
  2742 | D:6      | HP: 2/53 [orc warrior/+0 dire flail (3)]
  2744 | D:6      | Reached XP level 8. HP: 3/60 MP: 14/14
  2911 | D:6      | Noticed a +0 hand axe
  2911 | D:6      | Noticed a +0 dagger
  3068 | D:6      | Found a hide-covered altar of Uskayaw.
  3122 | D:6      | Found a burning altar of Makhleb.
  3208 | D:6      | Found a staircase to the Ecumenical Temple.
  3399 | D:6      | Found Raumiran's Antique Weapon Shoppe.
  3687 | D:7      | Noticed Duvessa
  3688 | D:7      | Noticed Dowan
  3695 | D:7      | Slain by Duvessa

Illustrated notes

Levels and vault maps discovered:
D:1:      dpeg_arrival_tiny_g, layout_basic,
          chequers_ecumenical_altar_simple_redux
D:2:      layout_basic, basic_altar, uniq_natasha
D:3:      layout_basic, serial_shops, shop
D:4:      layout_rooms, serial_shops, nicolae_shop_behind_doors,
          minmay_fire_ice_demons
D:5:      layout_basic
D:6:      layout_rooms, makhleb_altar_promises_db, dancing_weapons_uskayaw,
          minmay_temple_entry_junction, serial_shops, shop_fountains,
          bh_walls_and_bars
D:7:      kennysheep_seaside_town, layout_rooms, uniq_duvessa

Skill      XL: |  1  2  3  4  5  6  7 |
---------------+----------------------+-----
Translocations | 2 3 |  3.5
Short Blades   | 1 2 3 |  3.3
Axes           | 1 2 3 |  3.3
Maces & Flails | 1 2 3 |  3.3
Polearms       | 1 2 3 |  3.3
Staves         | 1 2 3 |  3.3
Ranged Weapons | 1 2 3 |  3.3
Throwing       | 1 2 3 |  3.3
Stealth        | 1 2 3 |  3.3
Shields        | 1 2 3 |  3.3
Unarmed Combat | 1 2 3 |  3.3
Invocations    | 1 2 3 |  3.6
Evocations     | 1 2 3 |  3.3
Spellcasting   | 3 4 |  4.4
Conjurations   | 1 2 |  2.6
Hexes          | 1 2 |  2.6
Summonings     | 1 2 |  2.6
Necromancy     | 1 2 |  2.6
Transmutations | 1 2 |  2.6
Fire Magic     | 1 2 |  2.6
Ice Magic      | 1 2 |  2.6
Air Magic      | 1 2 |  2.6
Earth Magic    | 1 2 |  2.6
Poison Magic   | 1 2 |  2.6
Fighting       | 3 4 |  4.2
Dodging        | 3 4 |  4.2
Armour         | 5 |  5.7
Long Blades    | 9 |  9.2

Action                     |  1- 3 |  4- 6 |  7- 9 || total
---------------------------+-------+-------+-------++-------
  Melee: Falchion          |    61 |   122 |   201 ||   384
         Bite              |     7 |    13 |    33 ||    53
    Use: Potion            |     5 |       |     4 ||     9
         Scroll            |     3 |       |     4 ||     7
 Armour: Scale mail        |    29 |    52 |    98 ||   179
  Dodge: Dodged            |    22 |    53 |   110 ||   185
